 Dungeon Crawl Stone Soup version 0.32-a0-738-g1a05c61809 (webtiles) character file.

Game seed: 12198214354188377509

54 Mygna the Poker (level 3, -7/30 HPs)
             Began as a Minotaur Gladiator on Mar 17, 2024.
             Mangled by a gnoll
             ... wielding a +2 whip of electrocution
              (19 damage)
             ... on level 2 of the Dungeon.
             The game lasted 00:02:49 (1162 turns).

Mygna the Poker (Minotaur Gladiator)                Turns: 1162, Time: 00:02:49

Health: -7/30      AC:  3    Str: 20    XL:     3   Next: 66%
Magic:  2/2        EV: 11    Int:  5    God:
Gold:   119        SH:  0    Dex: 11    Spells: 2/2 levels left

rFire   . . .        a - +0 trident
rCold   . . .        (no shield)
rNeg    . . .        b - +0 leather armour
rPois   .            c - +0 hat
rElec   .            (no cloak)
rCorr   .            (no gloves)
SInv    +            (no boots)
Will    .....        (no amulet)
Stlth   +            k - ring of see invisible
HPRegen 0.25/turn    (no ring)
MPRegen 0.08/turn

%: no passive effects
@: lethally poisoned (-7 -> -11)
A: horns 2, retaliatory headbutt
a: no special abilities


You were on level 2 of the Dungeon.
You visited 1 branch of the dungeon, and saw 2 of its levels.

You collected 119 gold pieces.

Inventory:

Hand Weapons
 a - a +0 trident (weapon)
Missiles
 d - 4 throwing nets (quivered)
 e - a javelin
Armour
 b - a +0 leather armour (worn)
 c - a +0 hat (worn)
Jewellery
 k - a ring of see invisible (left hand)
Scrolls
 i - a scroll of revelation
Potions
 g - a potion of degeneration {unknown}
 h - a potion of heal wounds {unknown}
 j - a potion of brilliance {unknown}


   Skills:
 - Level 2.4 Fighting
 + Level 5.7 Polearms
 - Level 2.0 Throwing
 - Level 3.2 Dodging


You had 2 spell levels left.
You didn't know any spells.
Your spell library contained the following spells:

 Spells                   Type           Power      Damage    Failure   Level
 Foxfire                  Conj/Fire      0%         2x1d4     54%         1
 Summon Small Mammal      Summ           0%         N/A       54%         1
 Cigotuvi's Dreadful Rot  Necr/Alch/Air  0%         N/A       67%         2
 Call Canine Familiar     Summ           0%         N/A       88%         3
 Ignite Poison            Fire/Alch      0%         N/A       99%         4
 Summon Blazeheart Golem  Fire/Summ      0%         N/A       99%         4
 Freezing Cloud           Conj/Ice/Air   0%         6-21      100%        5
 Plasma Beam              Fire/Air       0%         2x1d10    100%        6
 Starburst                Conj/Fire      0%         6d3       100%        6


Dungeon Overview and Level Annotations

Branches:
Dungeon (2/15)

Altars:


Innate Abilities, Weirdness & Mutations

You have a pair of horns on your head.
You reflexively headbutt those who attack you in melee.


Message History

The gnoll shouts!
You hear a shout!
The adder attacks as it pursues you! The adder barely misses you.
You furiously retaliate!
You headbutt the adder! You hit the adder but do no damage.
The adder is severely wounded.
You feel sick.
You are no longer poisoned.
The adder bites you but does no damage. The adder bites you.
You are poisoned.
The adder poisons you!
Damage: -6%(-2hp) hp: 74%(22hp)
You miss the adder.
The adder is severely wounded.
You feel sick. The adder bites you but does no damage.
Damage: -7%(-2hp) hp: 67%(20hp)
You miss the adder.
The adder is severely wounded.
You feel sick. The adder closely misses you. The rat barely misses you.
Damage: -3%(-1hp) hp: 64%(19hp)
You closely miss the adder.
The adder is severely wounded.
You feel sick. The adder misses you. The rat bites you but does no damage.
Unknown command.
As you read the scroll labelled KINUDY WIQEI, it crumbles to dust.
It is a scroll of identify.
i - a scroll of revelation You feel sick.
The gnoll shouts!
The adder bites you.
You are more poisoned.
The adder poisons you! The rat closely misses you. The adder barely misses you.
The gnoll barely misses you.
Huge Dmg: -14%(-4hp) hp: 50%(15hp)
As you read the scroll labelled HORECI HUUFF, it crumbles to dust.
It is a scroll of amnesia.
You feel forgetful for a moment.
You feel sick.
The gnoll hits you with a +2 whip of electrocution.
You are electrocuted!!
Ouch! That really hurt!
You die...

....###+###
#####.....#
##......# #.....'
.......# #.....#
#......# #
#####.....####......
...................
#..........g......
#.######.###...rg# .
#.# #g# ###@# ...
#.# #.#####.Sg#
..... #.#
#.#......K# .....
#.# #.#.......#
..... #.#
#.........# ... #.#
#............ #
#.............
#....#.##.....
#.....#.# .....


You could see 3 gnolls, an adder, a kobold and a rat.

Vanquished Creatures
  A gnoll (D:1)
  A ribbon worm (D:2)
  A dart slug (D:1)
  4 bats
  3 endoplasms (D:1)
  A giant cockroach (D:2)
  3 goblins (D:1)
  7 hobgoblins
  4 ball pythons
  2 frilled lizards
  5 kobolds
  6 rats
38 creatures vanquished.

Notes
Turn   | Place    | Note
-------+----------+-------------------------------------------
     0 | D:1      | Mygna the Minotaur Gladiator began the quest for the Orb.
     0 | D:1      | Reached XP level 1. HP: 18/18 MP: 0/0
    71 | D:1      | Reached skill level 4 in Polearms
   103 | D:1      | Reached XP level 2. HP: 25/25 MP: 1/1
   478 | D:1      | Reached skill level 5 in Polearms
   742 | D:2      | Reached XP level 3. HP: 30/30 MP: 2/2
   893 | D:1      | Huge Dmg: 6 dmg
   894 | D:1      | Huge Dmg: 6 dmg
  1092 | D:2      | Huge Dmg: 8 dmg
  1162 | D:2      | Huge Dmg: 4 dmg
  1162 | D:2      | Mangled by a gnoll

Illustrated notes

Levels and vault maps discovered:
D:1:      scummos_arrival_star, layout_loops_ring, corexii_corridor_pit,
          nicolae_houndstooth_variations
D:2:      minmay_wonky_spiral, layout_basic

Skill      XL: |  1  2 |
---------------+-------+-----
Polearms       | 4 5 |  5.7
Fighting       | |  2.4
Throwing       | |  2.0
Dodging        | |  3.2

Action                     || total
---------------------------++-------
  Melee: Trident           ||    90
         Headbutt          ||     6
  Throw: Throwing net      ||     1
    Use: Scroll            ||     2
 Armour: Leather armour    ||    30
  Dodge: Dodged            ||    41

Table legend: (Time is in decaauts)
 A = Elapsed time spent in this place.
 B = Non-inter-level travel time spent in this place.
 C = Inter-level travel time spent in this place.
 D = Time resting spent in this place.
 E = Time spent auto-exploring this place.
 F = Levels seen in this place.
 G = Mean time per level.
                   A        B        C        D        E       F      G
               +--------+--------+--------+--------+--------+-----+--------+
         Total |   1166 |   1092 |     74 |     50 |    779 |   2 |  583.0 |
       Dungeon |   1166 |   1092 |     74 |     50 |    779 |   2 |  583.0 |
               +--------+--------+--------+--------+--------+-----+--------+

Top non-repeatable levels by time:
     D:1: 811 daAuts
     D:2: 355 daAuts
